 Dungeon Crawl Stone Soup version 0.26.0-10-g1f06aea511 (webtiles) character file.

Game seed: 6058263310566188423

1889 Ladykiller69 the Basher (level 8, -8/121 HPs)
             Began as a Troll Berserker on Feb 2, 2021.
             Was an Elder of Trog.
             Mangled by a hornet (17 damage)
             ... on level 7 of the Dungeon.
             The game lasted 00:13:15 (5322 turns).

Ladykiller69 the Basher (Troll Berserker)           Turns: 5322, Time: 00:13:15

Health: -8/121     AC:  6    Str: 26    XL:     8   Next: 92%
Magic:  0/7        EV: 13    Int:  9    God:    Trog [****..]
Gold:   397        SH:  0    Dex: 17    Spells: 7/7 levels left

rFire    . . .     SeeInvis .   y - +0 giant club
rCold    . . .     Faith    .   (shield currently unavailable)
rNeg     . . .     Spirit   +   b - +0 animal skin
rPois    .         Reflect  .   (helmet restricted)
rElec    .         Harm     .   (no cloak)
rCorr    .         Rampage  .   (gloves unavailable)
Will     .....                  (boots unavailable)
Stlth    ..........             H - amulet of guardian spirit
HPRegen  0.70/turn              e - +6 ring of intelligence
MPRegen  0.10/turn              m - +6 ring of dexterity

@: berserking, lethally poisoned (-8 -> -17), slowed
A: large, unfitting armour, claws 3, regeneration 1, shaggy fur 1, tough skin 3
a: Renounce Religion, Berserk, Trog's Hand, Brothers in Arms


You were on level 7 of the Dungeon.
You worshipped Trog.
Trog was greatly pleased with you.
You visited 1 branch of the dungeon, and saw 7 of its levels.

You collected 397 gold pieces.

Inventory:

Hand Weapons
 a - a +0 mace
 j - a +1 vorpal flail
 y - a +0 giant club (weapon)
Missiles
 l - 211 stones
 E - 4 javelins
 F - 2 boomerangs
Armour
 b - a +0 animal skin (worn)
Jewellery
 e - a +6 ring of intelligence (left claw)
 m - a +6 ring of dexterity (right claw)
 r - a cursed -4 ring of intelligence
 B - an uncursed ring of wizardry
 H - an amulet of guardian spirit (around neck)
 M - an uncursed ring of fire {unknown}
Wands
 k - a wand of acid (4)
 G - a wand of flame (25)
 K - a wand of disintegration (9)
Scrolls
 f - 8 scrolls of identify
 g - a scroll of magic mapping
 i - 4 scrolls of remove curse
 o - a scroll of fog {unknown}
 p - 2 scrolls of amnesia {unknown}
 t - 3 scrolls of enchant armour {unknown}
 u - 2 scrolls of enchant weapon {unknown}
 x - 2 scrolls of random uselessness {unknown}
 z - a scroll of fear {unknown}
 A - 2 scrolls of blinking {unknown}
 C - a scroll of immolation {unknown}
 D - a scroll of teleportation {unknown}
 L - a scroll of vulnerability {unknown}
Potions
 c - 3 potions of attraction {unknown}
 d - 4 potions of mutation {unknown}
 h - 2 potions of flight {unknown}
 n - a potion of lignification {unknown}
 q - 3 potions of haste {unknown}
 s - 3 potions of heal wounds {unknown}
 v - 2 potions of berserk rage {unknown}
 w - 2 potions of experience {unknown}
 I - a potion of degeneration {unknown}
 J - 2 potions of curing {unknown}


   Skills:
 + Level 5.4 Fighting
 * Level 8.0 Maces & Flails
 + Level 5.3 Dodging


You had 7 spell levels left.
You didn't know any spells.
Your spell library was empty.

Dungeon Overview and Level Annotations

Branches:
Dungeon (7/15)             Temple (0/1) D:6

Altars:
Ashenzari
Dithmenos
Elyvilon
Gozag
Kikubaaqudgha
Makhleb
Nemelex Xobeh
Trog
Uskayaw
Vehumet
Yredelemnul
The Shining One

Shops:
D:7 *


Innate Abilities, Weirdness & Mutations

You are too large for most types of armour.
You have claws for hands.
Your natural rate of healing is unusually fast.
You are covered in fur. (AC +1)
You have extremely tough skin. (AC +3)


Message History

The hornet stings you.
You feel as though you will be slow longer.
The hornet stings you!!
* * * LOW HITPOINT WARNING * * *
You are more poisoned.
You shrug off the repeated paralysis!
The hornet stings you!
* * * LOW HITPOINT WARNING * * *
You feel as though you will be slow longer.
Okay, then.
You bludgeon the hornet!!
The hornet is severely wounded.
You feel sick. The hornet stings you.
* * * LOW HITPOINT WARNING * * *
You are lethally poisoned!
You feel as though you will be slow longer.
You barely miss the hornet.
The hornet is severely wounded.
* * * LOW HITPOINT WARNING * * *
You feel sick. The hornet stings you!
You die...

### #.. ... #.####..
#.#..#.# #####.#..#.#
...#.#..#.#
###.#......##########
#...@....[...........
#.#y#...<#.##########
#.####.....# ...###
#.#....#.#.# #.#..
#.##.....#.#.##....
#.#.##.#.###.#....#.#
#.#.##.....#.###....#
#.#.####.#.#.# #..##.
....# #[#.#.###..#..


You could see a hornet.

Vanquished Creatures
  Eustachio (D:5)
  2 phantoms
  An ice beast (D:5)
  A sky beast (D:6)
  3 ogres
  A bullfrog (D:4)
  9 wights (D:6)
  A bullfrog zombie (D:6)
  2 orc priests
  A jelly (D:6)
  A hound (D:7)
  A bullfrog skeleton (D:6)
  An iguana (D:4)
  4 worker ants
  4 orc wizards
  A hound zombie (D:5)
  A hound skeleton (D:4)
  9 adders
  2 shadow imps (D:6)
  2 white imps
  2 oozes
  An adder zombie (D:5)
  An adder skeleton (D:5)
  A worm (D:3)
  3 dart slugs
  5 leopard geckos
  23 orcs
  6 giant cockroaches
  7 goblins
  5 hobgoblins
  6 jackals
  4 bats
  8 frilled lizards
  13 kobolds
  A leopard gecko skeleton (D:5)
  A leopard gecko zombie (D:5)
  A quokka skeleton (D:4)
  A quokka zombie (D:5)
  7 rats
144 creatures vanquished.

Notes
Turn   | Place    | Note
-------+----------+-------------------------------------------
     0 | D:1      | Ladykiller69 the Troll Berserker began the quest for the
                  | Orb.
     0 | D:1      | Reached XP level 1. HP: 22/22 MP: 0/0
   102 | D:1      | Reached skill level 3 in Maces & Flails
   106 | D:1      | Reached XP level 2. HP: 29/29 MP: 1/1
   555 | D:2      | Reached XP level 3. HP: 36/36 MP: 2/2
   566 | D:2      | Reached ** piety under Trog
   609 | D:2      | Reached XP level 4. HP: 5/44 MP: 3/3
   952 | D:2      | Reached skill level 4 in Maces & Flails
  1353 | D:3      | Reached XP level 5. HP: 50/53 MP: 4/4
  1499 | D:3      | Found a bloodstained altar of Trog.
  1540 | D:3      | Reached *** piety under Trog
  2185 | D:4      | Noticed an ogre
  2193 | D:4      | Killed an ogre
  2194 | D:4      | Reached skill level 5 in Maces & Flails
  2194 | D:4      | Reached XP level 6. HP: 61/61 MP: 5/5
  2313 | D:4      | Found a white marble altar of Elyvilon.
  2574 | D:4      | Reached XP level 7. HP: 66/68 MP: 6/6
  2852 | D:5      | Entered Level 5 of the Dungeon
  3368 | D:5      | Noticed Eustachio
  3387 | D:5      | Killed Eustachio
  3388 | D:5      | Reached skill level 6 in Maces & Flails
  3882 | D:6      | Reached XP level 8. HP: 62/77 MP: 7/7
  3885 | D:6      | Reached **** piety under Trog
  4041 | D:6      | Reached skill level 7 in Maces & Flails
  4390 | D:6      | Found a staircase to the Ecumenical Temple.
  4586 | D:6      | Found a broken altar of Ashenzari.
  4588 | D:6      | Found a shadowy altar of Dithmenos.
  4589 | D:6      | Found an ancient bone altar of Kikubaaqudgha.
  4589 | D:6      | Found a radiant altar of Vehumet.
  4590 | D:6      | Found a glowing golden altar of the Shining One.
  4590 | D:6      | Found a basalt altar of Yredelemnul.
  4590 | D:6      | Found a burning altar of Makhleb.
  4591 | D:6      | Found an opulent altar of Gozag.
  4618 | D:6      | Reached skill level 5 in Fighting
  4618 | D:6      | Reached skill level 5 in Dodging
  5014 | D:6      | Found a sparkling altar of Nemelex Xobeh.
  5025 | D:7      | Found a hide-covered altar of Uskayaw.
  5025 | D:7      | Noticed a +0 hand axe
  5025 | D:7      | Noticed a -1 hand axe
  5093 | D:7      | Reached skill level 8 in Maces & Flails
  5212 | D:7      | Found Tenov's Lightly-Used Armoury.
  5315 | D:7      | Noticed a hornet
  5317 | D:7      | Paralysed by a hornet for 3 turns
  5322 | D:7      | Mangled by a hornet

Illustrated notes

Levels and vault maps discovered:
D:1:      psy_arrival_radial01, layout_rooms, minmay_misc_feat_enclosed
D:2:      layout_basic, minmay_misc_feat_diagonals, minmay_octomino_e4
D:3:      layout_loops_ring, old_standard_altar
D:4:      layout_loops_cross, elyvilon_altar_1
D:5:      minmay_spotlight, layout_basic, uniq_eustachio
D:6:      layout_basic, general_overflow_altar, grunt_temple_overflow_open,
          minmay_temple_entry_poolview
D:7:      layout_basic, dancing_weapons_uskayaw, slow_altar_1,
          nicolae_overflow_hidden_temple, minmay_shop_damaged,
          nicolae_underground_beach

Skill      XL: |  1  2  3  4  5  6  7  8 |
---------------+-------------------------+-----
Maces & Flails | 3 4 5 6 8 |  8.0
Fighting       | 3 4 5 |  5.4
Dodging        | 3 4 5 |  5.3

Action                   |  1- 3 |  4- 6 |  7- 9 || total
-------------------------+-------+-------+-------++-------
Melee: Mace              |    94 |    10 |       ||   104
       Flail             |       |   163 |       ||   163
       Giant club        |       |     8 |   233 ||   241
Invok: Berserk           |     2 |     4 |     6 ||    12
  Use: Scroll            |       |       |     4 ||     4
 Stab: Sleeping          |       |     2 |     1 ||     3
Armor: Animal skin       |    44 |    70 |    39 ||   153
Dodge: Dodged            |    68 |    94 |   171 ||   333
